 Dungeon Crawl Stone Soup version 0.29.1-1-gd02db69 (webtiles) character file.

Game seed: 17069423842153279601

603 Kel the Chopper (level 7, -6/51 HPs)
             Began as a Demonspawn Gladiator on Mar 21, 2023.
             Was an Initiate of Ashenzari.
             Mangled by da312102's ghost (17 damage)
             ... on level 5 of the Dungeon.
             The game lasted 00:07:32 (4800 turns).

Kel the Chopper (Demonspawn Gladiator)              Turns: 4800, Time: 00:07:33

Health: -6/51      AC: 13    Str: 16    XL:     7   Next: 18%
Magic:  7/7        EV:  6    Int:  9    God:    Ashenzari [......]
Gold:   292        SH:  8    Dex: 15    Spells: 6/6 levels left

rFire   x . .      SeeInvis .   a - +0 war axe
rCold   + . .      Faith    .   r - +0 buckler
rNeg    . . .      Spirit   .   k - +0 chain mail
rPois   .          Reflect  +   v - +0 helmet of Ashenzari's Burden {Self, Range} (curse)
rElec   .          Harm     .   w - +2 cloak {Will+}
rCorr   .          Rampage  .   (no gloves)
Will    +....                   q - +0 pair of boots
Stlth   ..........              l - amulet of reflection
HPRegen 0.17/turn               p - ring of ice
MPRegen 0.20/turn               (no ring)

@: no status effects
A: ignite blood 1, magic regeneration, weakness stinger 1
a: Renounce Religion, Shatter the Chains


You were on level 5 of the Dungeon.
You worshipped Ashenzari.
Ashenzari was noncommittal.
You visited 2 branches of the dungeon, and saw 6 of its levels.

You collected 292 gold pieces.

Inventory:

Hand Weapons
 a - a +0 war axe (weapon)
Missiles
 d - 3 throwing nets (quivered)
 e - a javelin
Armour
 c - a +0 helmet
 k - a +0 chain mail (worn)
 q - a +0 pair of boots (worn)
 r - a +0 buckler (worn)
 v - the cursed +0 helmet of Ashenzari's Burden (worn) {Self, Range}
   (You found it on level 4 of the Dungeon)

   It has a curse which improves the following skills: Introspection: Fighting
   and Spellcasting.
   Ranged Combat: Ranged Weapons and Throwing.
 w - a +2 cloak of willpower (worn)
Jewellery
 l - an amulet of reflection (around neck)
 p - a ring of ice (left hand)
Scrolls
 b - 4 scrolls of fear {unknown}
 g - 9 scrolls of identify {unknown}
 i - a scroll of vulnerability {unknown}
 m - a scroll of blinking {unknown}
 n - a scroll of magic mapping {unknown}
 s - a scroll of torment {unknown}
 t - a scroll of enchant weapon {unknown}
Potions
 f - a potion of heal wounds
 h - a potion of ambrosia {unknown}
 j - 2 potions of flight {unknown}
 o - a potion of attraction {unknown}
 u - a potion of might {unknown}


   Skills:
 - Level 2.0(2.3) Fighting
 + Level 7.2 Axes
 - Level 3.0(3.4) Throwing
 - Level 2.6 Dodging


You had 6 spell levels left.
You didn't know any spells.
Your spell library contained the following spells:

 Spells                   Type           Power      Damage    Failure   Level
 Summon Small Mammal      Summ           0%         N/A       100%        1
 Call Canine Familiar     Summ           0%         N/A       100%        3
 Portal Projectile        Hex/Tloc       0%         N/A       100%        3
 Summon Guardian Golem    Hex/Summ       0%         N/A       100%        3
 Tukima's Dance           Hex            0%         N/A       100%        3
 Blade Hands              Tmut           0%         N/A       100%        5


Dungeon Overview and Level Annotations

Branches:
Dungeon (5/15)             Temple (1/1) D:4

Altars:
Ashenzari
Dithmenos
Fedhas
Makhleb
Nemelex Xobeh
Okawaru
Qazlal
Sif Muna
Uskayaw
Vehumet
Xom
Yredelemnul

Annotations:
D:5 da312102's ghost, novice HuFi


Innate Abilities, Weirdness & Mutations

Your demonic aura sometimes causes spilled blood to erupt in flames.
You regenerate magic rapidly.
You have a small tail.


Message History

You feel much better. Da312102's ghost hits you!
You feel much better. Da312102's ghost hits you.
You hit da312102's ghost but do no damage.
Da312102's ghost is lightly damaged.
Da312102's ghost hits you but does no damage.
You closely miss da312102's ghost.
Your tail-slap misses da312102's ghost.
Da312102's ghost is lightly damaged.
Da312102's ghost hits you!
You hit da312102's ghost but do no damage.
Your tail-slap misses da312102's ghost.
Da312102's ghost is lightly damaged.
Da312102's ghost hits you.
You hit da312102's ghost but do no damage.
You tail-slap da312102's ghost, but do no damage.
Da312102's ghost is lightly damaged.
You block da312102's ghost's attack.
Da312102's ghost hits you but does no damage.
You hit da312102's ghost but do no damage.
Da312102's ghost is lightly damaged.
Da312102's ghost hits you!
You hit da312102's ghost.
Da312102's ghost is moderately damaged.
Da312102's ghost hits you.
You hit da312102's ghost.
Da312102's ghost is moderately damaged.
Da312102's ghost hits you but does no damage.
You barely miss da312102's ghost.
You tail-slap da312102's ghost, but do no damage.
Da312102's ghost is moderately damaged.
Da312102's ghost hits you but does no damage.
You hit da312102's ghost but do no damage.
Da312102's ghost is moderately damaged.
You block da312102's ghost's attack.
You hit da312102's ghost.
You tail-slap da312102's ghost, but do no damage.
Da312102's ghost is moderately damaged.
Da312102's ghost hits you!
* * * LOW HITPOINT WARNING * * *
You are electrocuted!
You die...

.#######.#.##.#
....#.......#.####
.>#...............
..###........###.#
..###).......# #.#
.....[.#.#.#.###.## #
..####.#.#.#......##.#
..####.#.#)###.......#
.........#)# #..@....#
..####.###<# ###W''###
..# #.# #)# #.(...[8#
..## #.# #.# #....♣..#
...# #.# #.# #..(....#
.#.# #.# #.. #.....((#
##.# #.# #.###.(.(...#
##.# #.# #.# #########
#.###.###.#


You could see da312102's ghost.

Vanquished Creatures
  A centaur (D:5)
  A phantom (D:4)
  3 necrophages
  A howler monkey (D:3)
  2 hounds
  8 adders
  A shadow imp (D:5)
  A worm (D:2)
  2 dart slugs (D:1)
  6 orcs
  7 ball pythons
  9 endoplasms
  2 giant cockroaches
  10 goblins
  6 hobgoblins
  2 jackals (D:4)
  4 quokkas
  5 bats
  3 frilled lizards
  9 kobolds
  10 rats
93 creatures vanquished.

Notes
Turn   | Place    | Note
-------+----------+-------------------------------------------
     0 | D:1      | Kel the Demonspawn Gladiator began the quest for the Orb.
     0 | D:1      | Reached XP level 1. HP: 16/16 MP: 1/1
    35 | D:1      | Found a faded altar of an unknown god.
    47 | D:1      | Reached skill level 3 in Axes
   202 | D:1      | Gained mutation: You have a small tail. [demonic ancestry]
   202 | D:1      | Reached XP level 2. HP: 18/22 MP: 2/2
   530 | D:1      | Reached XP level 3. HP: 27/27 MP: 3/3
  1949 | D:3      | Gained mutation: Your demonic aura sometimes causes spilled
                  | blood to erupt in flames. [demonic ancestry]
  1949 | D:3      | Reached XP level 4. HP: 33/33 MP: 4/4
  2276 | D:3      | Reached skill level 4 in Axes
  2293 | D:3      | Gained mutation: You regenerate magic rapidly. [demonic
                  | ancestry]
  2293 | D:3      | Reached XP level 5. HP: 32/38 MP: 5/5
  2718 | D:4      | Found a staircase to the Ecumenical Temple.
  2766 | Temple   | Entered the Ecumenical Temple
  3071 | Temple   | Became a worshipper of Ashenzari the Shackled
  3163 | D:4      | Found a hide-covered altar of Uskayaw.
  3406 | D:4      | Noticed a phantom
  3428 | D:4      | Killed a phantom
  3429 | D:4      | Reached skill level 5 in Axes
  3631 | D:4      | Reached XP level 6. HP: 33/44 MP: 6/6
  3786 | D:4      | Reached skill level 6 in Axes
  4027 | D:5      | Entered Level 5 of the Dungeon
  4514 | D:5      | Reached XP level 7. HP: 48/50 MP: 7/7
  4578 | D:5      | Found a runed translucent gate.
  4578 | D:5      | Found a runed translucent gate.
  4681 | D:5      | Reached skill level 7 in Axes
  4764 | D:5      | Found a runed translucent gate.
  4765 | D:5      | Noticed da312102's ghost (novice HuFi)
  4800 | D:5      | Mangled by da312102's ghost

Illustrated notes

Levels and vault maps discovered:
D:1:      lemuel_arrival_tunnels, layout_rooms,
          hellmonk_ecumenical_altar_pennies_from_heaven
D:2:      minmay_door_path, layout_basic
D:3:      layout_basic
D:4:      layout_basic, mainiacjoe_overflow_surrounded_room,
          minmay_temple_entry_mist, hangedman_decor_peaks_small,
          minmay_distorted
D:5:      layout_loops_ring, marbit_many_paths, lemuel_doored_altar,
          ebering_ghost_rock_garden
Temple:   oiseaux_autumnal_temple

Skill      XL: |  1  2  3  4  5  6  7 |
---------------+----------------------+-----
Throwing       | 2 3 |  3.0
Axes           | 3 4 5 6 7 |  7.2
Fighting       | |  2.0
Dodging        | |  2.6

Action                   |  1- 3 |  4- 6 |  7- 9 || total
-------------------------+-------+-------+-------++-------
Melee: War axe           |   101 |   138 |    44 ||   283
       Tailslap          |    11 |    25 |    10 ||    46
Invok: Curse Item        |       |       |     1 ||     1
  Use: Potion            |       |       |     4 ||     4
Armor: Leather armour    |     5 |       |       ||     5
       Acid dragon scale |     2 |       |       ||     2
       Chain mail        |    41 |    73 |    19 ||   133
Dodge: Dodged            |    52 |    30 |     8 ||    90
Block: Other             |       |     6 |       ||     6
       Buckler           |       |    37 |    22 ||    59
       Reflection        |       |     2 |       ||     2
